 Dungeon Crawl Stone Soup version 0.20.1-1-g8b1a95d (webtiles) character file.

116 dohliylev the Sneak (level 4, -4/32 HPs)
             Began as a Vampire Enchanter on Dec 7, 2017.
             Killed from afar by Natasha (10 damage)
             ... with a magic dart
             ... on level 4 of the Dungeon.
             The game lasted 00:04:40 (2396 turns).

dohliylev the Sneak (Vampire Enchanter)             Turns: 2396, Time: 00:04:41

Health: -4/32      AC:  2    Str:  7    XL:     4   Next: 70%
Magic:  1/7        EV: 13    Int: 17    God:
Gold:   154        SH:  0    Dex: 15    Spells: 1/7 levels left

rFire    . . .     SeeInvis +   f - +3 short sword
rCold    . . .     Gourm    .   (no shield)
rNeg     . . .     Faith    .   b - +0 robe
rPois    .         Spirit   .   (no helmet)
rElec    .         Reflect  .   (no cloak)
rCorr    .         Harm     .   (no gloves)
MR       .....                  (no boots)
Stlth    +++.......             (no amulet)
Regen    0.3/turn               (no ring)
MPRegen  0.1/turn               (no ring)

@: regenerating quickly, slowed, very slow
A: fangs 3, see invisible, unbreathing
a: no special abilities


You were on level 4 of the Dungeon.
You were very full.

You visited 1 branch of the dungeon, and saw 4 of its levels.

You collected 154 gold pieces.

Inventory:

Hand Weapons
 f - a +3 short sword (weapon)
Armour
 b - a +0 robe (worn)
Scrolls
 g - 3 scrolls of identify {unknown}
 i - a scroll of remove curse {unknown}
 j - a scroll of noise {unknown}
 k - 2 scrolls of teleportation {unknown}
Potions
 a - a potion of lignification {unknown}
 d - 7 potions of blood
 e - a potion of mutation {unknown}
 h - a potion of brilliance {unknown}
 l - a potion of berserk rage {unknown}
Books
 c - a book of Maledictions

   Spells                             Type                      Level
   a - Corona                         Hexes                        1
   b - Ensorcelled Hibernation        Hexes/Ice                    2
   c - Confuse                        Hexes                        3
   d - Tukima's Dance                 Hexes                        3
   e - Dazzling Spray                 Conjuration/Hexes            3


   Skills:
 + Level 1.0 Fighting
 + Level 1.7 Short Blades
 + Level 2.8 Dodging
 + Level 5.9 Stealth
 + Level 2.4 Spellcasting
 + Level 5.2 Hexes
 + Level 1.0 Ice Magic


You had one spell level left.
You knew the following spells:

 Your Spells              Type           Power        Failure   Level  Hunger
a - Corona                Hex            ###....      2%          1    #......
b - Ensorcelled Hibernat  Hex/Ice        ##....       8%          2    ##.....
c - Confuse               Hex            ###.....     6%          3    ###....


Dungeon Overview and Level Annotations

Branches:
Dungeon (4/15)
 Temple: D:4-7

Altars:
Qazlal

Annotations:
D:4 Natasha


Innate Abilities, Weirdness & Mutations

Your natural rate of healing is unusually fast.
You have razor-sharp teeth.
You have supernaturally acute eyesight. (SInv)
You can survive without breathing.


Message History

Your magical contamination has completely faded away.
There is a stone staircase leading down here.
The crimson imp blinks!
Natasha claws you!
You climb downwards.
The crimson imp disappears in a puff of smoke!
There is a stone staircase leading up here.
Natasha claws you.
* * * LOW HITPOINT WARNING * * *
Natasha claws you.
* * * LOW HITPOINT WARNING * * *
Natasha mumbles some strange words.
Casting: Ensorcelled Hibernation
Confirm with . or Enter, or press ? or * to list all spells.
Aiming: Ensorcelled Hibernation
Press: ? - help, Shift-Dir - straight line, f - Natasha
Aim: Natasha (chance to defeat MR: 43%) Natasha resists with some effort.
Natasha casts a spell at you. The magic dart hits you!
You die...

#.. ... ...
#.# #.. #.#
#h#######.#
#<.@......#
#.#########
.... ###.##
..# #.# #.#
..#


You could see Natasha.

Vanquished Creatures
  Natasha (D:3)
  4 adders
  A dart slug (D:2)
  4 leopard geckos
  An orc (D:3)
  A ball python (D:3)
  4 giant cockroaches
  8 goblins
  5 hobgoblins
  2 kobolds
  2 quokkas
  7 bats
  4 frilled lizards (D:2)
  6 rats
50 creatures vanquished.

Notes
Turn   | Place    | Note
-------+----------+-------------------------------------------
     0 | D:1      | dohliylev the Vampire Enchanter began the quest for the Orb.
     0 | D:1      | Reached XP level 1. HP: 13/13 MP: 3/3
   550 | D:1      | Reached XP level 2. HP: 19/19 MP: 5/5
   554 | D:1      | Learned a level 2 spell: Ensorcelled Hibernation
  1160 | D:2      | Reached skill level 5 in Hexes
  1160 | D:2      | Reached XP level 3. HP: 25/25 MP: 3/6
  1168 | D:2      | Learned a level 3 spell: Confuse
  1248 | D:2      | Found a stormy altar of Qazlal.
  1329 | D:2      | Reached skill level 5 in Stealth
  1660 | D:2      | Reached XP level 4. HP: 31/31 MP: 4/7
  1961 | D:3      | Reached skill level 1 in Ice Magic
  2323 | D:3      | Noticed Natasha
  2332 | D:3      | Killed Natasha
  2332 | D:3      | Reached skill level 1 in Fighting
  2374 | D:3      | Noticed Natasha
  2396 | D:4      | Killed from afar by Natasha

Skill      XL: |  1  2  3  4 |
---------------+-------------+-----
Hexes          | 5 |  5.2
Stealth        | 5 |  5.9
Ice Magic      | 1 |  1.0
Fighting       | 1 |  1.0
Short Blades   | |  1.7
Dodging        | |  2.8
Spellcasting   | |  2.4

Action                   |  1- 3 |  4- 6 || total
-------------------------+-------+-------++-------
Melee: Dagger            |    10 |       ||    10
       Short sword       |    71 |    20 ||    91
       Bite              |     3 |       ||     3
 Cast: Corona            |     3 |       ||     3
       Ensorcelled Hiber |     9 |     6 ||    15
 Stab: Sleeping          |    16 |     9 ||    25
  Eat: Corpse            |    11 |     3 ||    14
Armor: Robe              |     2 |     1 ||     3
Dodge: Dodged            |    49 |    15 ||    64
